AoeStats
← iliass__mar90

Four Lakes

507951267Analyzed
1v1 RM · 14d ago on Sep 20, 2026· 23m 34s· 2 players
Game mode
Random Map
Map size
Tiny (2 player)
Population
200
Speed
Normal
Resources
Standard
Victory
Conquest
Starting age
Dark Age
Ending age
Imperial Age
RankedLock teamsTeams togetherTeam positionsShared explorationLock speedFull tech treeHidden civsTurbo modeCheats
Victory
Defeat
🇺🇦 Khmer · Ukraine
826
+16
🇫🇷 Japanese · France
819
-16
Le_Web
4:31 Loom
12:10 Feudal Age
12:37 Fishing Lines
12:45 Double-Bit Axe
14:10 Wheelbarrow
15:15 Gold Mining
15:49 Man-at-Arms
17:32 Forging
17:23 Scale Mail Armor
20:47 Horse Collar
23:32 Castle Age
22:17 Padded Archer Armor
22:07 Fletching
iliass__mar90
10:39 Feudal Age
15:52 Castle Age
17:33 Scale Barding Armor
17:46 Scale Mail Armor
18:58 Husbandry
Connection lost

Rejoining the realm…

Still unreachable

The connection could not be restored.

Session expired

The server has moved on; the page needs a fresh start.